 Dungeon Crawl Stone Soup version 0.31.0-9-g3a7656b989 (webtiles) character file.

Game seed: 12441215610391427056

63 qw the Shooter (level 3, 0/18 HPs)
             Began as a Spriggan Hunter on Feb 2, 2024.
             Succumbed to an adder's poison
             ... on level 2 of the Dungeon.
             The game lasted 00:00:05 (1127 turns).

qw the Shooter (Spriggan Hunter)                    Turns: 1127, Time: 00:00:06

Health: 0/18       AC:  2    Str:  7    XL:     3   Next: 87%
Magic:  2/4        EV: 19    Int: 10    God:
Gold:   104        SH:  0    Dex: 20    Spells: 2/2 levels left

rFire   . . .        a - +1 shortbow
rCold   . . .        (shield currently unavailable)
rNeg    . . .        c - +0 robe
rPois   .            (helmet restricted)
rElec   .            (no cloak)
rCorr   .            (gloves unavailable)
SInv    +            (boots unavailable)
Will    .....        l - amulet of guardian spirit
Stlth   ++           (no ring)
HPRegen 0.23/turn    (no ring)
MPRegen 0.09/turn

%: guardian spirit
@: lethally poisoned (0 -> -1), very quick
A: very small, no large weapons, unfitting armour, see invisible, speed 3
a: no special abilities


You were on level 2 of the Dungeon.
You visited 1 branch of the dungeon, and saw 2 of its levels.

You collected 104 gold pieces.


Innate Abilities, Weirdness & Mutations

You are very small and have problems with some larger weapons.
You are too small for most types of armour.
You have supernaturally acute eyesight. (SInv)
You cover ground extremely quickly. (Speed+++)


   Skills:
 - Level 1.5 Fighting
 - Level 5.0 Ranged Weapons
 + Level 4.0 Dodging
 - Level 1.5 Stealth


You had 2 spell levels left.
You didn't know any spells.
Your spell library was empty.

Inventory:

Hand Weapons
 a - a +1 shortbow (weapon)
Armour
 c - a +0 robe (worn)
Jewellery
 l - an amulet of guardian spirit (around neck)
Potions
 b - a potion of curing {unknown}
 d - a potion of might
 h - a potion of mutation
 i - a potion of heal wounds {unknown}
 j - a potion of ambrosia {unknown}

Dungeon Overview and Level Annotations

Branches:
Dungeon (2/15)

Altars:


Message History

1113 ||| RETREEEEATING.
You shoot an arrow. The arrow hits the adder.
The adder hisses angrily.
The adder is moderately wounded.
A gnoll comes into view. It is wielding a +0 whip.
1116 ||| RETREEEEATING.
1118 ||| RETREEEEATING.
The adder attacks as it pursues you! The adder closely misses you.
You shoot an arrow. The arrow closely misses the adder.
The adder closely misses you.
You shoot an arrow. The arrow misses the adder.
The adder bites you.
You are poisoned.
The adder poisons you! The adder bites you but does no damage.
You shoot an arrow. The arrow hits the adder.
The adder is moderately wounded.
You feel sick. The adder closely misses you.
You shoot an arrow. The arrow misses the adder.
You feel sick.
You hear an angry hiss.
The adder bites you but does no damage.
The gnoll hits you from afar with a +0 halberd!
The adder closely misses you.
1123 ||| READING scroll of teleportation.
As you read the scroll of teleportation, it crumbles to dust.
You feel strangely unstable.
You feel sick. The adder barely misses you. The gnoll misses you.
Enter note:
1124 ||| RETREEEEATING.
Enter note:
1125 ||| RETREEEEATING.
You feel sick.
You shoot an arrow. The arrow hits the adder!
You kill the adder!
You feel sick. The gnoll completely misses you.
Your Ranged Weapons skill increases to level 5!
You shoot an arrow. The arrow hits the gnoll.
The gnoll is lightly wounded.
Your surroundings suddenly seem different.
You die...

#....# #....#.#
##..#.##.##.##.#
##...###...##.#
##.........##.#
##....#....####
#.....#######.#
###.....).#
##.##.>#.......#
# #.>)}.>.#
##..###.#.#######
###.......##
#..## #...#
##....#)...# #.##
#####
##...###...## #.#
#....#
#....####@#
..}.##
##.}.+....# #...#
#)..##.### ##.##
##.###.# ...#
#.....# ####
#######


There were no monsters in sight!

Vanquished Creatures
  An adder (D:2)
  3 ball pythons (D:1)
  8 bats
  2 endoplasms
  2 giant cockroaches
  10 goblins
  2 hobgoblins
  7 jackals (D:1)
  A quokka (D:1)
  3 frilled lizards (D:1)
  3 kobolds
  7 rats
49 creatures vanquished.

Notes
Turn   | Place    | Note
-------+----------+-------------------------------------------
     0 | D:1      | qw the Spriggan Hunter began the quest for the Orb.
     0 | D:1      | Reached XP level 1. HP: 10/10 MP: 2/2
     0 | D:1      | 0 ||| qw: Version: 0.3-a-155-g5e7d8dd
     0 | D:1      | 0 ||| qw: Game counter: 634
     0 | D:1      | 0 ||| qw: Melee chars always use a shield: true
     0 | D:1      | 0 ||| qw: God list: Okawaru
     0 | D:1      | 0 ||| qw: Allow faded altars: false
     0 | D:1      | 0 ||| qw: Do Orc after clearing Dungeon:15 true
     0 | D:1      | 0 ||| qw: Do second Lair branch before Depths: true
     0 | D:1      | 0 ||| qw: Lair rune preference: random
     0 | D:1      | 0 ||| qw: Goals: Normal
     0 | D:1      | 0 ||| PLANNING D:1-11
    19 | D:1      | Reached skill level 3 in Dodging
    19 | D:1      | HP: 2/10 [jackal (2)]
    83 | D:1      | Reached XP level 2. HP: 14/14 MP: 3/3
   596 | D:1      | Reached XP level 3. HP: 18/18 MP: 4/4
   820 | D:1      | 820 ||| UPGRADING to amulet of guardian spirit.
   825 | D:1      | 825 ||| READING scroll labelled LYTHRU CAHICKIUVUC.
   852 | D:1      | 852 ||| READING scroll labelled TOSIOG LUDYNOI.
   855 | D:1      | 855 ||| READING scroll labelled ATHUIM OXAMIU.
   855 | D:1      | 855 ||| ENCHANTING +0 shortbow.
   856 | D:1      | 856 ||| READING scroll labelled KEDUARCHESHRU.
   856 | D:1      | 856 ||| IDENTIFYING inky potion
   857 | D:1      | 857 ||| READING scroll labelled DAAG VATAUSE.
   958 | D:1      | 958 ||| DRINKING 2 grey potions.
   959 | D:1      | 959 ||| DROPPING scroll of butterflies.
  1109 | D:2      | 1109 ||| RETREEEEATING.
  1111 | D:2      | 1111 ||| RETREEEEATING.
  1113 | D:2      | 1113 ||| RETREEEEATING.
  1116 | D:2      | 1116 ||| RETREEEEATING.
  1118 | D:2      | 1118 ||| RETREEEEATING.
  1122 | D:2      | HP: 3/18 [gnoll/+0 halberd (8)]
  1123 | D:2      | 1123 ||| READING scroll of teleportation.
  1124 | D:2      | 1124 ||| RETREEEEATING.
  1125 | D:2      | 1125 ||| RETREEEEATING.
  1126 | D:2      | HP: 1/18 [poisoned by an adder]
  1127 | D:2      | Reached skill level 5 in Ranged Weapons
  1127 | D:2      | Succumbed to an adder's poison

Levels and vault maps discovered:
D:1:      giann_bridges, layout_basic, hangedman_decor_growths,
          nrook_mini_vaults, minmay_small_reverse_x
D:2:      layout_basic, grunt_ministairs_13

Skill      XL: |  1  2  3 |
---------------+----------+-----
Dodging        | 3 4 |  4.0
Ranged Weapons | 5 |  5.0
Fighting       | |  1.5
Stealth        | |  1.5

Action                     || total
---------------------------++-------
   Fire: Shortbow          ||   133
    Use: Scroll            ||     6
         Potion            ||     1
 Armour: Robe              ||    22
  Dodge: Dodged            ||   107

Table legend:
 A = Non-vault XP
 B = Vault XP
 C = Vault XP percentage of total XP
 D = Non-vault monster count
 E = Vault monster count
 F = Vault count percentage of total count
                 A         B        C        D         E       F
            +---------+---------+-------+---------+---------+-------
      Total |      80 |      10 |  11.1 |      43 |       6 |  12.2
            +---------+---------+-------+---------+---------+-------
        D:1 |      52 |       7 |  11.9 |      33 |       4 |  10.8
        D:2 |      28 |       3 |   9.7 |      10 |       2 |  16.7
            +---------+---------+-------+---------+---------+-------
